 Dungeon Crawl Stone Soup version 0.25.0-10-g039870ee82 (webtiles) character file.

Game seed: 12078065872602058554

60 schauveau the Cudgeler (level 4, -5/29 HPs)
             Began as a Gargoyle Monk on June 22, 2020.
             Slain by Terence
             ... wielding a +0 morningstar
              (6 damage)
             ... on level 2 of the Dungeon.
             The game lasted 00:02:38 (2077 turns).

schauveau the Cudgeler (Gargoyle Monk)              Turns: 2077, Time: 00:02:39

Health: -5/29      AC:  6    Str: 16    XL:     4   Next: 6%
Magic:  4/4        EV: 12    Int: 10    God:
Gold:   60         SH:  0    Dex: 12    Spells: 3/3 levels left

rFire    . . .     SeeInvis .   a - +0 mace
rCold    . . .     Gourm    .   (no shield)
rNeg     + . .     Faith    .   b - +0 robe
rPois    ∞         Spirit   .   (no helmet)
rElec    +         Reflect  .   (no cloak)
rCorr    .         Harm     .   m - +0 pair of gloves
MR       .....                  (no boots)
Stlth    ++........             o - amulet of the acrobat
HPRegen  0.09/turn              (no ring)
MPRegen  0.09/turn              (no ring)

@: stab
A: negative energy resistance 1, electricity resistance, unbreathing,
petrification resistance, rot immunity, AC +3
a: no special abilities


You were on level 2 of the Dungeon.
You were hungry.

You visited 1 branch of the dungeon, and saw 3 of its levels.

You collected 60 gold pieces.

Inventory:

Hand Weapons
 a - a +0 mace (weapon)
Armour
 b - a +0 robe (worn)
 m - a +0 pair of gloves (worn)
Jewellery
 g - an uncursed amulet of guardian spirit
 o - an amulet of the acrobat (around neck)
Scrolls
 d - a scroll of amnesia {unknown}
 e - 3 scrolls of identify {unknown}
 f - a scroll of fog {unknown}
 i - a scroll of random uselessness {unknown}
 k - a scroll of remove curse {unknown}
 l - a scroll of enchant weapon {unknown}
 p - a scroll of blinking {unknown}
Potions
 h - a potion of lignification {unknown}
Comestibles
 c - 5 rations


   Skills:
 + Level 3.8 Fighting
 * Level 4.0 Maces & Flails
 + Level 1.6 Armour
 - Level 2.4 Dodging
 - Level 2.1 Stealth


You had 3 spell levels left.
You didn't know any spells.
Your spell library was empty.

Dungeon Overview and Level Annotations

Branches:
Dungeon (3/15)

Altars:
Trog

Annotations:
D:2 Terence
D:3 Grinder


Innate Abilities, Weirdness & Mutations

You are resistant to torment.
Your stone body is resilient. (AC +3)
You are immune to poison.
You resist negative energy. (rN+)
You are resistant to electric shocks. (rElec)
You can survive without breathing.
You are immune to petrification.
You are immune to rotting.


Message History

Terence misses you.
You barely miss Terence. Terence hits you with a +0 morningstar.
* * * LOW HITPOINT WARNING * * *
You hit Terence but do no damage. Terence barely misses you.
It was a potion of stabbing.
You feel ready to backstab. Terence closely misses you.
It was a potion of might.
You feel very mighty all of a sudden. Terence hits you but does no damage.
It was a potion of cancellation.
Your magical effects are unravelling.
You feel magically purged.
You feel a little less mighty now.
You feel less ready to backstab.
You feel ready to backstab. Terence closely misses you.
You hit Terence.
Terence is lightly wounded.
Terence hits you with a +0 morningstar.
You die...

....#.....# #.#
....############.#
....# #..)....# ....#
#.########### #####
#.#..)......#
#.#.#########
######.#.# #....#
#####....#.#.####.####
.........'....K@@...##
♣
#####....#...#.##.#..#
♣♣.♣♣
#....#####.##.##.#
♣.♣P♣♣
#####≈≈≈≈≈≈≈≈.....##.#


♣PPPP♣ #≈≈≈≈≈≈≈≈≈≈≈≈≈≈≈###### ##..## ≈≈≈≈≈≈≈≈≈≈≈≈≈≈≈≈≈≈######....#
≈≈≈≈≈≈≈≈≈≈≈≈≈≈≈≈≈≈≈≈#.###...# ≈≈≈≈≈≈≈####≈≈≈≈≈≈≈≈≈≈..###.## ≈≈≈#####
#...≈≈≈≈≈≈≈≈.....# You could see Terence and a kobold.

Vanquished Creatures
  A gnoll (D:1)
  An adder (D:2)
  4 dart slugs
  2 leopard geckos (D:1)
  5 giant cockroaches
  5 goblins
  2 hobgoblins (D:1)
  4 bats
  3 frilled lizards
  3 kobolds
  3 rats
33 creatures vanquished.

Notes
Turn   | Place    | Note
-------+----------+-------------------------------------------
     0 | D:1      | schauveau the Gargoyle Monk began the quest for the Orb.
     0 | D:1      | Reached XP level 1. HP: 14/14 MP: 1/1
   342 | D:1      | Reached XP level 2. HP: 19/19 MP: 2/2
   684 | D:1      | Reached skill level 1 in Armour
   902 | D:1      | Reached XP level 3. HP: 19/24 MP: 1/3
  1375 | D:2      | Found a bloodstained altar of Trog.
  1579 | D:2      | Reached skill level 4 in Maces & Flails
  1791 | D:2      | Reached XP level 4. HP: 29/29 MP: 4/4
  2050 | D:3      | Noticed Grinder
  2051 | D:3      | Noticed Terence
  2055 | D:3      | Paralysed by Grinder for 4 turns
  2071 | D:2      | HP: 1/29 [Terence/+0 morningstar (5)]
  2077 | D:2      | Slain by Terence

Illustrated notes

Levels and vault maps discovered:
D:1:      dpeg_arrival_erosion, layout_basic, chequers_jeans, st_stairs_6,
          corner_web_ring
D:2:      wander_river, layout_basic, lemuel_crystal_altar, first_ration,
          uniq_crazy_yiuf_cottage
D:3:      layout_basic, uniq_terence, uniq_grinder

Skill      XL: |  1  2  3 |
---------------+----------+-----
Armour         | 1 |  1.6
Maces & Flails | 4 |  4.0
Fighting       | |  3.8
Dodging        | |  2.4
Stealth        | |  2.1

Action                   |  1- 3 |  4- 6 || total
-------------------------+-------+-------++-------
Melee: Mace              |   101 |    22 ||   123
  Use: Potion            |       |     4 ||     4
 Stab: Sleeping          |     3 |     1 ||     4
  Eat: Chunk             |     3 |       ||     3
Armor: Robe              |    33 |     7 ||    40
Dodge: Dodged            |    73 |    16 ||    89
